 Dungeon Crawl Stone Soup version 0.18.1-5-g4a78601 (webtiles) character file.

80 varam the Insei (level 4, 0/35 HPs)
             Began as a Draconian Transmuter on May 9, 2016.
             Slain by a rat (3 damage)
             ... on level 3 of the Dungeon.
             The game lasted 00:07:36 (2737 turns).

varam the Insei (Draconian Transmuter)              Turns: 2737, Time: 00:07:38

Health: 0/35       AC:  6    Str: 12    XL:     4   Next: 18%
Magic:  1/7        EV: 12    Int: 13    God:
Gold:   79         SH:  0    Dex: 13    Spells: 3 memorised, 1 level left

rFire  . . .     SeeInvis .       - Unarmed
rCold  . . .     Gourm    .     (armour unavailable)
rNeg   . . .     Faith    .     (no shield)
rPois  .         Spirit   .     (helmet restricted)
rElec  .         Dismiss  .     u - +0 cloak
rCorr  .         Reflect  .     (no gloves)
SustAt .         Harm     .     (boots currently unavailable)
MR     .....                    (no amulet)
Stlth  +.........               (no ring)
                                (no ring)

@: lethally poisoned (0 -> -4), appendage, very slightly contaminated, not
resistant to hostile enchantments, very unstealthy
A: unfitting armour, talons 3, cold-blooded, AC +5
a: End Transformation


You were on level 3 of the Dungeon.
You were hungry.
You had grown temporary talons.
You visited 1 branch of the dungeon, and saw 4 of its levels.

You collected 79 gold pieces.

Inventory:

Missiles
 a - 69 arrows
Armour
 k - a +0 shield
 u - a +0 cloak (worn)
Jewellery
 e - an uncursed ring of protection from fire {unknown}
 h - an uncursed ring of sustain attributes {unknown}
Wands
 f - a wand of random effects (33/48)
Scrolls
 i - a scroll of enchant weapon {unknown}
 j - a scroll of magic mapping {unknown}
 o - a scroll of immolation {unknown}
 p - 2 scrolls of noise {unknown}
 q - a scroll of recharging {unknown}
Potions
 g - a potion of flight {unknown}
 l - a potion of resistance {unknown}
 m - a potion of lignification {unknown}
 n - 3 potions of curing {unknown}
 r - a potion of heal wounds {unknown}
Books
 b - a book of Changes

   Spells                             Type                      Level
   a - Beastly Appendage              Transmutation                1
   b - Sticks to Snakes               Transmutation                2
   c - Spider Form                    Transmutation/Poison         3
   d - Ice Form                       Ice/Transmutation            4
   e - Blade Hands                    Transmutation                5
Comestibles
 c - 2 bread rations
 d - 2 meat rations
 t - a slice of pizza


   Skills:
 - Level 1.1 Fighting
 - Level 1.7 Dodging
 + Level 4.4 Unarmed Combat
 + Level 2.3 Spellcasting
 + Level 2.7 Transmutations


You had one spell level left.
You knew the following spells:

 Your Spells              Type           Power        Failure   Level  Hunger
a - Beastly Appendage     Trmt           #.....       10%         1    #......
b - Sticks to Snakes      Trmt           #.......     14%         2    ###....
c - Spider Form           Trmt/Pois      #.........   52%         3    ###....


Dungeon Overview and Level Annotations

Branches:
Dungeon (4/15)
 Temple: D:4-7

Altars:
Xom

Annotations:
D:3 Bubs's ghost, amateur FoFi


Innate Abilities, Weirdness & Mutations

Your plain brown scales are hard (AC +5).
Your body does not fit into most forms of armour.
You are cold-blooded and may be slowed by cold attacks.
You have claws for feet.


Message History

Casting: Spider Form
Confirm with . or Enter, or press ? or * to list all spells.
Your feet morph into talons.
The jackal misses you. The jackal bites you.
* * * LOW HITPOINT WARNING * * *
The adder barely misses you. The rat bites you but does no damage.
The jackal bites you but does no damage. x2
You are too injured to fight recklessly!
You are too injured to fight recklessly!
You are too injured to fight recklessly!
Unknown command.
You are too injured to fight recklessly!
You are too injured to fight recklessly!
You are too injured to fight recklessly!
You hit the jackal but do no damage. You claw the jackal.
The jackal is heavily wounded.
The adder bites you.
* * * LOW HITPOINT WARNING * * *
You are lethally poisoned!
The adder poisons you! The jackal barely misses you. The rat bites you.
You die...

................#....
........#............
(.......#.#...#.#...
...#......##........
...#########......##
...# #W###### ...#
#># ...#
###.########## #.##
.....Wh@SK...# #.#
.##.##r.h....# #.#
#.##.......# ...
#............ ###
####.......##
#.......# ........#
#########


You could see Bubs's ghost, an adder, 2 jackals, a kobold and a rat.

Vanquished Creatures
  2 adders (D:2)
  5 worms
  A dart slug (D:2)
  A giant gecko (D:2)
  4 bats
  5 goblins
  5 hobgoblins
  5 jackals
  2 quokkas (D:2)
  8 giant newts
  5 kobolds (D:2)
  2 rats
45 creatures vanquished.

Notes
Turn   | Place    | Note
--------------------------------------------------------------
     0 | D:1      | varam the Draconian Transmuter began the quest for the Orb.
     0 | D:1      | Reached XP level 1. HP: 16/16 MP: 3/3
   277 | D:1      | Reached XP level 2. HP: 19/23 MP: 1/5
   418 | D:1      | Learned a level 2 spell: Sticks to Snakes
   583 | D:2      | Reached skill level 4 in Unarmed Combat
   648 | D:2      | Reached XP level 3. HP: 16/28 MP: 4/6
   975 | D:2      | Learned a level 3 spell: Spider Form
  1034 | D:2      | Found a shimmering altar of Xom.
  1868 | D:2      | Reached XP level 4. HP: 35/35 MP: 3/7
  2407 | D:3      | Noticed Bubs's ghost (amateur FoFi)
  2737 | D:3      | Slain by a rat

Skill      XL: |  1  2 |
---------------+-------+-----
Unarmed Combat | 4 |  4.4
Fighting       | |  1.1
Dodging        | |  1.7
Spellcasting   | |  2.3
Transmutations | |  2.7

Action                   |  1- 3 |  4- 6 || total
-------------------------+-------+-------++-------
Melee: Unarmed           |   114 |    27 ||   141
       Headbutt          |     4 |       ||     4
       Tailslap          |    12 |     1 ||    13
       Kick              |     4 |     1 ||     5
       Punch             |     1 |       ||     1
 Cast: Beastly Appendage |    22 |     5 ||    27
       Spider Form       |     5 |     4 ||     9
  Eat: Bread ration      |     1 |       ||     1
       Chunk             |       |     3 ||     3
Armor: Skin              |    22 |    17 ||    39
Dodge: Dodged            |    63 |    40 ||   103
